 Dungeon Crawl Stone Soup version 0.29.0-5-ge4962eb29e (console) character file.

Game seed: 17357080216352337289

4 aoei the Chucker (level 1, 0/12 (14) HPs)
             Began as a Demigod Wanderer on Aug 28, 2022.
             Slain by a bat (1 damage)
             ... on level 1 of the Dungeon.
             The game lasted 00:03:39 (226 turns).

aoei the Chucker (Demigod Wanderer)                  Turns: 226, Time: 00:03:40

HP:   0/12 (14)     AC:  4    Str: 12    XL:     1   Next: 46%
MP:   4/4           EV: 11    Int: 16    God:
Gold: 13            SH:  0    Dex: 12    Spells: 1/2 levels left

rFire   . . .      SeeInvis .   a - +2 dagger
rCold   . . .      Faith    .   (no shield)
rNeg    . . .      Spirit   .   i - +0 leather armour
rPois   .          Reflect  .   (no helmet)
rElec   .          Harm     .   c - +0 cloak
rCorr   .          Rampage  .   (no gloves)
Will    .....                   (no boots)
Stlth   +.........              (no amulet)
HPRegen 0.04/turn               (no ring)
MPRegen 0.09/turn               (no ring)

@: heavily drained
A: high MP 1, forlorn, divine attributes
a: no special abilities


You were on level 1 of the Dungeon.
You visited 1 branch of the dungeon, and saw 1 of its levels.

You collected 13 gold pieces.

Inventory:

Hand Weapons
 a - a +2 dagger (weapon)
Missiles
 b - a curare-tipped dart (quivered)
Armour
 c - a +0 cloak (worn)
 e - a +0 robe
 i - a +0 leather armour (worn)
Scrolls
 d - 2 scrolls of fog
 g - a scroll of blinking {unknown}
 h - a scroll of identify {unknown}
 j - a scroll of teleportation {unknown}
Potions
 f - a potion of degeneration {unknown}


   Skills:
 + Level 2.9 Throwing
 + Level 1.0 Armour
 + Level 1.9 Dodging
 + Level 1.0 Spellcasting
 + Level 1.8 Hexes
 + Level 1.0 Evocations


You had one spell level left.
You knew the following spells:

 Your Spells              Type           Power      Damage    Failure   Level
a - Slow                  Hex            24%        N/A       14%         1

Your spell library contained the following spells:

 Spells                   Type           Power      Damage    Failure   Level
 Confusing Touch          Hex            6%         N/A       38%         3


Dungeon Overview and Level Annotations

Branches:
Dungeon (1/15)


Innate Abilities, Weirdness & Mutations

You have an increased reservoir of magic. (+10% MP)
You shall have no god before yourself.
Your divine heritage dramatically boosts your attributes as you level up.


Message History

The goblin barely misses you. The jackal bites you.
The jackal bites you but does no damage.
You closely miss the jackal.
The jackal is severely wounded.
The jackal barely misses you. The jackal bites you.
The jackal barely misses you. x2; The goblin barely misses you.
The jackal bites you but does no damage.
The jackal barely misses you. The jackal bites you.
The jackal barely misses you.
You hit the jackal.
The jackal is almost dead.
The goblin hits you with a +1 dagger of draining.
You feel drained. The jackal closely misses you.
The jackal barely misses you. x2; The jackal closely misses you.
You closely miss the jackal.
The jackal is almost dead.
The jackal closely misses you.
The jackal bites you but does no damage.
The jackal closely misses you. The jackal barely misses you.
The goblin closely misses you.
You miss the jackal.
The jackal is almost dead.
The jackal bites you but does no damage.
The jackal bites you. x2
The jackal bites you but does no damage.
The goblin hits you with a +1 dagger of draining.
* * * LOW HITPOINT WARNING * * *
You feel drained.
A dart slug comes into view.
The jackal bites you but does no damage.
The jackal closely misses you.
The jackal bites you but does no damage. x2
The jackal attacks as you move away! The jackal closely misses you. x3
The jackal attacks as you move away! The jackal closely misses you.
The jackal attacks as you move away! The jackal bites you.
* * * LOW HITPOINT WARNING * * *
The bat misses you. The jackal closely misses you.
The bat attacks as you move away! The bat hits you but does no damage.
The jackal attacks as you move away!
The jackal bites you but does no damage.
The bat hits you but does no damage. x2
The jackal attacks as you move away!
The jackal bites you but does no damage.
The bat attacks as you move away! The bat hits you but does no damage.
The bat hits you.
You die...

..# #. .## ..###.# .. .
... ......##.. #. ..###
..#...... #.###.#.## ..#
###.# ........# #.#.###.
#...#.# #.# ...# #.....#
#.####.### #hh..##
.........### #.h..###.
......#....#.####bg.......
>.....#.##.#..†.@h.....#..
...####.##.####.###....#
...# #.##.# #.# #......
#### #.#>.####.# #.......
#.........# #.......
#######...#.....# .......
#............#.## ....
..........#....#
.............###
..........#### ..........#


You could see 4 jackals, a goblin and a bat.

Vanquished Creatures
  A bat (D:1)
  A giant cockroach (D:1)
  2 frilled lizards (D:1)
  A rat (D:1)
5 creatures vanquished.

Vanquished Creatures (others)
  2 fungi (D:1)
  5 plants (D:1)
7 creatures vanquished.

Grand Total: 12 creatures vanquished

Notes
Turn   | Place    | Note
-------+----------+-------------------------------------------
     0 | D:1      | aoei the Demigod Wanderer began the quest for the Orb.
     0 | D:1      | aoei set off with the following items: a +2 dagger, a
                  | curare-tipped dart, a +0 cloak, a scroll of fog, a +0 robe;
                  | and the following spell memorised: Slow; and the following
                  | spells available to memorise: Confusing Touch.
     0 | D:1      | Reached XP level 1. HP: 14/14 MP: 4/4
   226 | D:1      | Slain by a bat

Illustrated notes

Levels and vault maps discovered:
D:1:      psy_arrival_conway, layout_basic, shapermc_ecumenical_altar_gd

Action                   || total
-------------------------++-------
Melee: Dagger            ||    41
Armor: Leather armour    ||    25
       Robe              ||    10
Dodge: Dodged            ||    60
